[Event "Oceania Zonal Open 2023"]
[Site "Melbourne"]
[Date "2023.01.24"]
[Round "3.5"]
[White "Liu, Yi"]
[Black "Rodgers, Jack"]
[Result "1-0"]
[ECO "D00"]
[WhiteElo "2303"]
[BlackElo "2034"]
[Annotator "TA"]
[PlyCount "125"]
[EventDate "2023.01.09"]
[EventType "swiss"]
[EventCountry "AUS"]
[SourceTitle "playchess.com"]
[Source "ChessBase"]
[SourceQuality "1"]
[TimeControl "5400+30"]

1. d4 Nf6 2. Nc3 d5 3. Bf4 a6 4. e3 e6 5. g4 Bb4 6. Nge2 {[%emt 0:00:57][%cal Bg1e2,Be2c3,Bc3d5,Bd5c7][%mdl 32] D00: 1 d4 d5: Unusual lines.} Ne4 7. a3 {[%emt 0:06:45] [#]} Qh4 $146 ({Predecessor:} 7... Nxc3 8. Nxc3 Be7 9. Qf3 c5 10. dxc5 Bxc5 11. g5 Nc6 12. O-O-O Qa5 13. Nb1 Be7 {0-1 Radojicic,A (2112)-Sahin,O (2269) Belgrade Serbia op 2021 (2)}) 8. Bg3 {[%emt 0:04:09] The position is equal.} Nxg3 (8... Bxc3+ {simplifies} 9. Nxc3 Nxg3 10. fxg3 Qd8) 9. fxg3 Bxc3+ 10. Nxc3 Qg5 11. Qf3 O-O 12. Bd3 e5 (12... c6 $11) 13. Nxd5 $16 {[%emt 0:01:20] Strongly threatening Qe4.} Nc6 14. h3 (14. Nxc7 $6 Bxg4 15. Qe4 f5 16. Bc4+ Kh8 $11) (14. Qe4 f5 15. Qg2 fxg4 $14) 14... exd4 15. O-O (15. Nxc7 $2 {too greedy.} Qa5+ 16. Kf1 Qxc7 $19) (15. O-O-O $1 $16) 15... Ne5 (15... Qe5 $1 $11) 16. Qf4 Qxf4 17. exf4 Nxd3 18. Nxc7 Rb8 19. cxd3 Bd7 20. f5 $2 (20. Nd5 $16 {stays on course.}) 20... Bc6 $19 21. Rae1 Rfd8 22. f6 gxf6 (22... Rbc8 $19 23. Re7 Kf8 24. Nxa6 gxf6) 23. Rxf6 $16 Rd7 {[%emt 0:03:08] Inhibits Re7.} 24. Ne8 {[%emt 0:02:21][%cal Of6c6] Rxc6! would be deadly.} Kf8 25. Nd6 $36 {[%emt 0:00:09][%mdl 2048] Black is under strong pressure.} Rbd8 26. Nf5 {[%emt 0:02:08] White has more active pieces.} (26. Nc4 $16) 26... Bb5 $14 27. Rd1 Rc8 $1 28. Nd6 Rc6 29. Ne4 Rxf6 ({Better is} 29... Rc2 $14) 30. Nxf6 {[%emt 0:00:01][%mdl 4096] Endgame KRB-KRN} Rc7 31. Ne4 (31. Nxh7+ $16 Ke7 32. h4) 31... Rc2 32. Rd2 $1 Rc1+ 33. Kg2 Re1 34. Kf3 Bc6 (34... Rf1+ $142 35. Rf2 Re1) 35. Kf4 $16 Re3 36. h4 (36. g5 $1 $16) 36... Ke7 (36... h6 $1 $14) 37. h5 f6 38. g5 $1 fxg5+ {[%emt 0:00:55][%mdl 64] Remove Defender} 39. Nxg5 h6 40. Ne4 Bb5 {[%emt 0:00:48] [#]} 41. Nf2 $1 Bc6 42. g4 Ke6 43. Ne4 Re1 {[%emt 0:00:39] [#]} (43... a5 $16 44. Rc2 Bxe4 45. dxe4 Re1) 44. Ng3 $1 $18 {[%emt 0:01:16] And now Re2+ would win.} Kf6 45. Re2 {[%emt 0:00:37] Wards off Re3} Rd1 46. Ne4+ Bxe4 47. Kxe4 {[%emt 0:00:10] KR-KR} ({And not} 47. dxe4 Rf1+ 48. Kg3 Ke5 $15) 47... Rg1 (47... Kg5 $142) 48. Kf4 $2 (48. Kxd4 $18 {has better winning chances. Hoping for Kc5.} Rxg4+ 49. Kc5) 48... Rd1 ({Black should play} 48... Rf1+ 49. Ke4 Kg5) 49. Rf2 $16 Rg1 50. a4 b6 $2 (50... Ra1 $16 {is a better chance.} 51. b3 Re1) 51. Rc2 $18 Rf1+ 52. Ke4 Kg5 53. Rc6 ({Not} 53. Kxd4 Kxg4 54. Rc6 Kxh5 55. Rxb6 a5 $16) 53... Rf4+ 54. Ke5 {[%emt 0:00:27] Rg6+ would kill now.} Rxg4 55. Rxb6 {[%emt 0:00:08] aiming for Rg6+.} Kxh5 56. Rxa6 Kg5 57. Ra8 {[%emt 0:01:22] White wants to mate with Rg8+.} Kh4 58. b4 {[%emt 0:00:24] a5 is the strong threat.} h5 59. Rh8 {[%emt 0:00:19] Threatens to win with b5.} Kg5 60. a5 {[%emt 0:00:23] White mates.} Kg6 61. Rg8+ Kh6 62. Rxg4 {[%emt 0:00:03][%mdl 64] Remove Defender} hxg4 63. Kf4 {[%emt 0:00:08] What a fight!   Weighted Error Value: White=0.25 (precise) /Black=0.52} 1-0

[Event "Oceania Zonal Open 2023"]
[Site "Melbourne"]
[Date "2023.01.24"]
[Round "3.6"]
[White "Archer, Ollie"]
[Black "Gong, Patrick"]
[Result "0-1"]
[ECO "E90"]
[WhiteElo "1960"]
[BlackElo "2292"]
[Annotator "TA"]
[PlyCount "144"]
[EventDate "2023.01.09"]
[EventType "swiss"]
[EventCountry "AUS"]
[SourceTitle "playchess.com"]
[Source "ChessBase"]
[SourceQuality "1"]
[TimeControl "5400+30"]

1. d4 Nf6 2. c4 c5 3. d5 d6 4. Nc3 g6 5. Nf3 Bg7 6. e4 O-O 7. Bd3 e6 8. O-O Na6 9. h3 Nc7 10. Re1 e5 11. a3 {[%emt 0:02:23] E90: King's Indian: Classical: Early deviations and 6 h3.} Nfe8 12. b4 b6 13. Bg5 {[%emt 0:02:06] White is better.} f6 14. Bh4 {[%emt 0:00:17] [#]} Na6 $146 ({Predecessor:} 14... g5 15. Bg3 f5 16. exf5 e4 17. Nxe4 Bxa1 18. Qxa1 Rxf5 19. Qc1 h6 20. h4 g4 {1-0 Moradiabadi,E (2542)-Finegold,B (2505) Saint Louis 2nd 2012 (1)}) 15. Rb1 Bd7 16. Nh2 Qc8 17. g4 Bh6 18. Nf1 Rb8 19. b5 Nac7 20. Ne3 Ng7 21. Kh1 Rf7 22. Rg1 Bg5 23. Bg3 h5 24. Bh2 hxg4 25. hxg4 (25. Nxg4 $16 {[%cal Oh3h4] Black must now prevent h4!} Rf8 26. Ne2) 25... Kf8 $14 26. Qf3 Ke7 27. Rg2 (27. a4 {looks sharper.} Qb7 28. Kg2 Rh8 29. Rh1) 27... a6 28. a4 Qb7 29. Qh3 (29. Bg3 $11) 29... Qa8 (29... Nh5 $5) 30. Kg1 Rh8 31. Qf3 Nge8 32. Kf1 Rfh7 33. Bg3 Rh3 34. Qe2 (34. Be2 $11) 34... Rh1+ 35. Rg1 axb5 36. axb5 (36. cxb5 $5 Bxe3 37. fxe3 $15) 36... Bxe3 37. Qxe3 Bxg4 38. f4 Qa3 {[%emt 0:01:32] Chess con chili.} 39. fxe5 $2 dxe5 $2 (39... Qxc3 $19 {has better winning chances.} 40. Rc1 Qb2) 40. Bxe5 $2 fxe5 $19 41. Qg5+ Kf8 42. Qxg4 Qxc3 43. Qf3+ Kg7 44. Rxh1 Rf8 45. Rh7+ Kxh7 46. Qxf8 Qxd3+ 47. Kf2 Qxb1 48. Qf7+ Kh6 (48... Ng7 $142 49. Qxc7 Qxe4 50. Qxb6 Qd4+ 51. Kg2 Qxc4 52. Qc7 Qxd5+ 53. Kf1 Kh6 54. Qa5 c4 55. Qc3 Qxb5 56. Qh3+ Nh5 57. Qc3 Nf4 58. Ke1 Qb1+ 59. Kd2 Qd3+ 60. Qxd3 cxd3 61. Kd1 g5 62. Kd2 g4 63. Ke1 g3 64. Kd2 g2 65. Kc3 g1=Q 66. Kb4 d2 67. Ka5 d1=Q 68. Kb5 Qd8 69. Ka4 Qb8 70. Ka5 Qga7#) 49. Qf8+ Kg5 $2 (49... Kh5 $19 50. Qf3+ Kg5 51. Qg3+ Kf6) 50. Qe7+ $11 Kh6 51. Qf8+ $1 {[%emt 0:00:59] White is now going downhill.} Kh7 52. Qf7+ {[%emt 0:00:14] [#]} Ng7 $1 53. Qxc7 Qc2+ (53... Qxe4 $142 54. Qxb6 Qxc4 55. d6 Qc2+ 56. Kg1 e4 57. Qa5 Qd1+ 58. Kg2 Qf3+ 59. Kg1 Qd1+ 60. Kh2 Qe2+ 61. Kh1 Qf1+ 62. Kh2 Qf2+ 63. Kh1 e3 64. d7 Nf5 65. Qc7 Ng3+ 66. Qxg3 Qxg3 67. d8=Q Qe1+ 68. Kg2 Qd2+ 69. Qxd2 exd2 70. Kf2 d1=Q 71. Kg3 Qd6+ 72. Kf3 c4 73. b6 c3 74. b7 c2 75. b8=B Qxb8 76. Ke4 c1=Q 77. Kd5 Qbc7 78. Ke4 Q7f4+ 79. Kd5 Qcc4#) 54. Kg1 Qd1+ (54... Qxe4 $142 55. Qe7 Kh6 56. Qf8 Qd4+ 57. Kh1 Qe4+ 58. Kg1 Qd4+ 59. Kg2 Qg4+ 60. Kh1 Qh4+ 61. Kg1 Kh7 62. Qf2 Qxf2+ 63. Kxf2 Nf5 64. Kg2 Nd6 65. Kf3 g5 66. Kg4 Kg6 67. Kg3 Kf5 68. Kh2 g4 69. Kg2 e4 70. Kg3 e3 71. Kg2 Kf4 72. Kf1 g3 73. Ke1 g2 74. Kd1 g1=Q+ 75. Kc2 e2 76. Kd3 e1=Q 77. Kc2 Qh2+ 78. Kd3 Qh7#) 55. Kf2 $19 Qd4+ 56. Kf3 Qd3+ 57. Kf2 Qxe4 58. d6 Qf4+ 59. Kg2 e4 (59... Qxc4 $2 {perishes.} 60. d7 $19) 60. Qe7 Qd2+ 61. Kh3 Qe3+ 62. Kh2 Qf2+ 63. Kh3 e3 64. d7 e2 65. d8=Q e1=Q (65... e1=B $2 66. Qd3 $18 (66. Qxb6 $2 Qg3#)) 66. Qxe1 Qxe1 67. Qxb6 Qc3+ 68. Kg2 Qxc4 {[%emt 0:00:06] [#] ( -> ...Qe2+)} 69. Qc6 Qe2+ 70. Kh3 Qe6+ {[%emt 0:00:31] Black mates.} 71. Qxe6 Nxe6 72. b6 Nd8 {[%emt 0:00:09] Excellently played by Gong!   Weighted Error Value: White=0.46/Black=0.44} 0-1

[Event "Oceania Zonal Open 2023"]
[Site "Melbourne"]
[Date "2023.01.24"]
[Round "3.7"]
[White "Solomon, Stephen J"]
[Black "Bassig, Hamish"]
[Result "1-0"]
[ECO "B15"]
[WhiteElo "2279"]
[BlackElo "1973"]
[Annotator "TA"]
[PlyCount "79"]
[EventDate "2023.01.09"]
[EventType "swiss"]
[EventCountry "AUS"]
[SourceTitle "playchess.com"]
[Source "ChessBase"]
[SourceQuality "1"]
[TimeControl "5400+30"]

1. e4 c6 2. d4 d5 3. Nd2 dxe4 4. Nxe4 Nf6 5. Nxf6+ exf6 6. c3 Bd6 7. Bd3 O-O 8. Qc2 {[%emt 0:00:50] Active counter play!} Re8+ {[%emt 0:00:06] B15: Caro-Kann: 3 Nc3: 3...g6 and 3...dxe4 4 Nxe4 Nf6 5 Nxf6+ exf6.} 9. Ne2 h5 10. Be3 Nd7 {[%emt 0:00:05] White has an edge.} 11. O-O-O Nf8 12. Kb1 Be6 13. c4 Rc8 {[%emt 0:00:29] [#]} 14. Rc1 $146 ({Predecessor:} 14. Nc3 Bb4 15. a3 Bxc3 16. Qxc3 b5 17. d5 cxd5 18. c5 Qd7 19. Ka1 a6 20. Bd4 {1-0 Tabatabaei,M (2629)-Svane,R (2613) Titled Tuesday intern op 14th July blitz 2020 (8)}) 14... b5 15. d5 {[%emt 0:05:56][%mdl 64] Discovered Attack} cxd5 16. c5 d4 17. Nxd4 Bxc5 ({But not} 17... Rxc5 18. Nxe6 Rxc2 19. Nxd8 Rxc1+ 20. Rxc1 $16) 18. Nxe6 Nxe6 19. Bxb5 Bxe3 {[%emt 0:01:29][%mdl 64] Discovered Attack} 20. Qxc8 Bxc1 (20... Qxc8 {simplifies} 21. Rxc8 Rxc8 22. fxe3 Rd8) 21. Qc6 Re7 (21... Nc7 $5 22. Rxc1 Nxb5 23. Qxb5 g6 $15) 22. Rxc1 Kh7 (22... Qd4 $5 ) 23. Qf3 Kh6 24. a4 Rc7 25. Rd1 Qe7 26. h4 g6 27. g3 Kg7 28. Qe3 Qb4 29. Qd2 Qe4+ 30. Ka2 {[%emt 0:06:03] [#]} (30. Qd3 $11 {was the only way to keep the balance.} Nc5 {[%mdl 64] Pin} 31. f3) 30... a6 $1 $17 31. Re1 {[%emt 0:02:12] [#]} (31. Qd5 Qxd5+) 31... Qb7 ({Black should try} 31... Qg4 $1 $19 32. Bd3 Qxa4+ 33. Kb1 Nc5) 32. Bf1 Nc5 33. Bc4 {[%emt 0:01:00] Wards off Qb3+} (33. Rc1 $17) 33... Nxa4 34. b3 (34. Bb3 Nc5 35. Bc2) 34... Rd7 $19 35. Qa5 Nb6 {[%emt 0:02:30] ...Nxc4 would be deadly.} 36. Qb4 (36. Rc1 $142 Nxc4 37. Rxc4) 36... Qa7 $4 {[%emt 0:01:45][%mdl 8192] [#]} (36... a5 $19 37. Qc3 (37. Qxa5 $2 {perishes.} Nxc4 {[%mdl 64] Remove Defender} 38. bxc4 Qf3 $19) 37... a4) 37. Re8 $1 $18 {[%emt 0:00:36] Qf8+ would kill now.} g5 38. Qf8+ {[%emt 0:00:07] White mates.} Kg6 39. Qg8+ Kf5 40. Qh7+ {[%emt 0:00:13] Weighted Error Value: White=0.31/Black=0.21 (precise)} 1-0

[Event "Oceania Zonal Open 2023"]
[Site "Melbourne"]
[Date "2023.01.24"]
[Round "3.7"]
[White "Wang, Ruicheng"]
[Black "Rujevic, Mirko"]
[Result "1/2-1/2"]
[ECO "C10"]
[WhiteElo "1891"]
[BlackElo "2141"]
[Annotator "TA"]
[PlyCount "105"]
[EventDate "2023.01.09"]
[EventType "swiss"]
[EventCountry "AUS"]
[SourceTitle "playchess.com"]
[Source "ChessBase"]
[SourceQuality "1"]
[TimeControl "5400+30"]

1. e4 e6 2. d4 d5 3. Nd2 dxe4 4. Nxe4 Nd7 5. Nf3 Ngf6 6. Nxf6+ Nxf6 7. g3 {[%emt 0:00:02] 7.c3 is a critical line.} b6 {[%emt 0:01:24] C10: French with 3 Nc3: Unusual Black 3rd moves and 3...dxe4.} 8. Bb5+ Bd7 9. a4 c6 {[%emt 0:07:00] White has an edge.} 10. Be2 {[%emt 0:01:24] [#]} Bd6 $146 ({Predecessor:} 10... c5 11. Ne5 cxd4 12. Nxd7 Nxd7 13. Qxd4 Qf6 14. Qxf6 gxf6 15. O-O Bc5 16. Rd1 Ke7 {½-½ Roobol,M (2243)-Groffen,H (2115) NED-chT 1819 2018 (6.6)}) 11. O-O Qc7 12. Re1 O-O 13. Qd3 h6 14. Bd2 a5 15. Bf1 Bc8 16. Bg2 Ba6 17. c4 Rad8 (17... c5 {keeps more tension.} 18. dxc5 Bxc5 19. Ne5 Rad8) 18. Qc2 c5 19. dxc5 Bxc5 20. b3 Bb7 21. Bc3 (21. Ne5 $1 $11 {was the only way to keep the balance.}) 21... Ng4 $17 22. Re2 f5 $1 {[%emt 0:03:06] Strongly threatening ...f4.} 23. Nh4 $2 (23. Ne5 $17) 23... Bxg2 24. Nxg2 {[%emt 0:01:20] [#]} e5 {[%emt 0:12:33] Wards off Nf4} (24... f4 $1 $19 {[%cal Rf4g3] has better winning chances.} 25. Qg6 Nxf2 26. Bxg7 (26. Qxe6+ $2 Kh7 $19) 26... Qxg7 27. Qxg7+ Kxg7 28. Nxf4 Nd3+ 29. Kh1 Nxf4 30. gxf4 Rxf4) 25. Nh4 $2 (25. h3 $2 Nxf2 26. Rxf2 e4 $19) (25. Rd1 $17 {is more resistant.}) 25... f4 $19 26. Rf1 (26. Kg2 $142 Qf7 27. Qe4 Nxf2 28. Rxf2 Bxf2 29. Nf3) 26... fxg3 27. hxg3 Nxf2 $2 (27... e4 $19 28. Kh1 Nxf2+ {[%mdl 64] Remove Defender, Decoy} 29. Rexf2 Bxf2 30. Rxf2 Qxg3) 28. Rfxf2 Rxf2 29. Rxf2 Rf8 {[%emt 0:00:09][%mdl 64] Pin} 30. Be1 e4 31. Kg2 {[%emt 0:01:14] Hoping for Rxf8+.} Bxf2 32. Bxf2 Qc6 (32... g5 $5 33. Qxe4 (33. Ng6 $2 Re8 $19) 33... gxh4 34. Qg6+ Qg7 35. Qxg7+ Kxg7 36. gxh4 (36. Bxb6 Rb8 $15) 36... Rb8 $15) 33. Kg1 Qe6 34. Qe2 g5 $132 {[%emt 0:03:51][%mdl 2048] Black is fighting back} 35. Ng2 Rf3 36. Ne3 h5 37. Qd2 (37. Nf1 $5 Qg4 38. c5 (38. Bxb6 Rxb3 39. Qd2 Rd3 $11) 38... bxc5 39. Qc4+ Rf7 40. Qxc5 $14 (40. Bxc5 Qf3 $11)) 37... Kf7 38. Qd8 Kg6 39. Kg2 (39. Qd4 $14) 39... h4 $2 40. gxh4 $18 gxh4 41. Qxh4 Qe5 42. Qg4+ (42. Ng4 Qg5 $11) 42... Qg5 (42... Kf7 $142 43. Qd7+ (43. Nd5 Qb2 $16) 43... Qe7 44. Qd5+ Qe6 45. Qh5+ Qg6+ 46. Qxg6+ Kxg6) 43. Qxg5+ Kxg5 44. Nd5 Rxb3 45. Bxb6 ({And not} 45. Nxb6 e3 46. Be1 Rxb6 $11) 45... Ra3 $2 {[%emt 0:00:27] [#]} (45... Rb2+ 46. Kg3 Rb3+ 47. Kf2 Ra3) 46. Bxa5 $2 ({Only move:} 46. c5 $1 $18 {[%cal Rc5c6] c6 is the strong threat.} Ra2+ 47. Kg3) 46... Rxa4 47. Bd2+ ({White should try} 47. Bb4 $1 $14) 47... Kf5 $11 {[%emt 0:01:07][%cal Oa4a2] And now ...Ra2! would win. The position is equal.} 48. Kf2 {[%emt 0:01:06] With the idea Bc3.} Ke5 49. Nb6 Ra2 50. Ke3 Ra3+ 51. Ke2 Kd4 52. Nd5 Kxc4 53. Ne3+ {[%emt 0:00:04] White used his chance. An interesting game.   Weighted Error Value: White=0.69/Black=0.42} 1/2-1/2

[Event "Oceania Zonal Open 2023"]
[Site "Melbourne"]
[Date "2023.01.24"]
[Round "3.8"]
[White "Litchfield, Frederick"]
[Black "Van Der Hoorn, Thomas"]
[Result "1-0"]
[ECO "E40"]
[WhiteElo "2119"]
[BlackElo "1898"]
[Annotator "TA"]
[PlyCount "39"]
[EventDate "2023.01.09"]
[EventType "swiss"]
[EventCountry "AUS"]
[SourceTitle "playchess.com"]
[Source "ChessBase"]
[SourceQuality "1"]
[TimeControl "5400+30"]

1. d4 Nf6 2. c4 e6 3. Nc3 Bb4 4. e3 c5 5. Bd3 Bxc3+ 6. bxc3 d6 7. Ne2 O-O 8. Ng3 {[%emt 0:01:20] E40: Nimzo-Indian: Rubinstein (4 e3): Unusual Black 4th moves.} Nc6 9. O-O Re8 10. f4 {[%emt 0:07:58] [#] White is slightly better.} b6 $146 {[%emt 0:10:54] [#]} (10... d5 $11 {keeps the balance.}) ({Predecessor:} 10... e5 11. fxe5 dxe5 12. d5 Na5 13. e4 Nd7 14. Qf3 f6 15. Be3 b6 16. Nf5 Nf8 {1-0 Jooyandeh,H-Asadi,S (2190) IRI-ch sf Teheran 2005 (6)}) 11. e4 $1 $16 {[%emt 0:04:01] e5 is the strong threat. White is more active.} e5 $2 {[%emt 0:21:21] This move loses the game for Black.} (11... cxd4 $16 12. cxd4 h6) 12. fxe5 $18 {[%emt 0:01:36][%mdl 64] Discovered Attack} dxe5 13. d5 Ne7 14. Bg5 Ng4 15. Be2 (15. Qf3 Rf8 16. h3 f6 $18) 15... f6 16. Bc1 (16. Bxg4 fxg5 17. Bh5 Ng6 $16) 16... f5 17. d6 (17. Nxf5 $6 Nxf5 18. exf5 (18. Bxg4 Nd6 $11) 18... Nf6 $16) 17... Nc6 $2 {[%emt 0:02:06] [#]} (17... f4 {keeps fighting.}) 18. Bxg4 ({Not} 18. Nxf5 Bxf5 19. Rxf5 (19. Bxg4 Bxg4 20. Qxg4 Qxd6 $15) 19... Nf6 $18) (18. exf5 Nf6 19. Bg5 Bb7 20. Bxf6 gxf6 $18) 18... fxg4 19. Qd5+ Be6 20. Qxc6 {[%emt 0:00:11] Weighted Error Value: White=0.36/Black=0.61} 1-0

[Event "Oceania Zonal Open 2023"]
[Site "Melbourne"]
[Date "2023.01.24"]
[Round "3.8"]
[White "Ning, Isabelle Yixuan"]
[Black "Winkelman, Albert"]
[Result "1/2-1/2"]
[ECO "D48"]
[WhiteElo "1949"]
[BlackElo "2272"]
[Annotator "TA"]
[PlyCount "84"]
[EventDate "2023.01.09"]
[EventType "swiss"]
[EventCountry "AUS"]
[SourceTitle "playchess.com"]
[Source "ChessBase"]
[SourceQuality "1"]
[TimeControl "5400+30"]

1. d4 d5 2. c4 c6 3. Nc3 Nf6 4. e3 e6 5. Nf3 Nbd7 6. Bd3 dxc4 7. Bxc4 b5 8. Bd3 a6 9. O-O c5 10. e4 {[%emt 0:05:38] Recently 10.Ne4 got a lot of attention.} cxd4 {[%emt 0:01:54] D48: Semi-Slav: Meran System: 7...b5 8 Bd3 a6.} 11. Nxd4 Nc5 (11... Bb7 $15) 12. Bc2 (12. Be2 $5) 12... b4 (12... Bb7 $11) 13. e5 $14 {[%emt 0:06:17] [#]} Nfd7 $146 ({Predecessor:} 13... bxc3 14. exf6 gxf6 15. bxc3 Bb7 16. Qe2 Qd5 17. f3 Qe5 18. Qf2 Bd6 19. Qh4 O-O-O 20. Re1 Qd5 21. Qxf6 Rhg8 22. Nb3 Qh5 23. h4 Nd7 {0-1 Leiber,B (2198)-Boidman,Y (2336) GER-chA Seniors 26th 2014 (8)}) 14. Ne4 {[%emt 0:02:57] White is more active.} Nxe5 (14... Bb7 $1 $14 15. Qe2 (15. Bg5 Qb6 $11) 15... Qb6) 15. Bf4 $18 Ng6 16. Bg3 {[%emt 0:01:27] [#]} (16. Bg5 $18 f6 17. Be3) 16... Bb7 $11 17. Nxc5 Bxc5 18. Ba4+ Ke7 $1 ({Don't do} 18... Kf8 19. Nc6 Qb6 20. Qd7 $16) 19. Bc6 Qxd4 20. Bxb7 {[%emt 0:00:37] [#] Hoping for Qe2.} Qxd1 21. Rfxd1 Ra7 22. Be4 Rd8 23. h4 Bd4 24. h5 Nf8 25. Rd2 e5 26. Re1 f6 27. Kf1 g5 28. hxg6 hxg6 29. f4 Rad7 30. fxe5 Bxe5 31. Rxd7+ Rxd7 32. Bc6 (32. Bc2 $11) 32... Rd2 $15 33. Bxe5 fxe5 {[%emt 0:00:07][%mdl 4096] Endgame KRB-KRN} 34. Bb7 Rxb2 ({Black should play} 34... Kf6 $17 35. Re2 Rd1+ 36. Re1 Rd6) 35. Rxe5+ $11 {[%emt 0:00:26] The position is equal.} Kd6 36. Ra5 Kc7 37. Bxa6 Kb6 38. Ra4 Nd7 39. Be2 Nc5 40. Ra8 Ne4 41. Bd3 Nc3 42. Bxg6 Rxa2 {[%emt 0:03:19] Weighted Error Value: White=0.17 (very precise) /Black=0.19 (very precise)} 1/2-1/2

[Event "Oceania Zonal Open 2023"]
[Site "Melbourne"]
[Date "2023.01.24"]
[Round "3.9"]
[White "McGowan, Cameron"]
[Black "Koh, Cedric"]
[Result "0-1"]
[ECO "C50"]
[WhiteElo "2175"]
[BlackElo "1970"]
[Annotator "TA"]
[PlyCount "90"]
[EventDate "2023.01.09"]
[EventType "swiss"]
[EventCountry "AUS"]
[SourceTitle "playchess.com"]
[Source "ChessBase"]
[SourceQuality "1"]
[TimeControl "5400+30"]

1. e4 e5 2. Bc4 Nf6 3. d3 Nc6 4. Nf3 Bc5 5. O-O O-O 6. Bg5 h6 7. Bh4 Be7 {[%emt 0:00:15] C50: Hungarian Defence and Giuoco Pianissimo.} 8. Bg3 d6 9. a4 Kh8 {[%emt 0:01:43] White has an edge.} 10. c3 {[%emt 0:11:01] [#]} Ng8 $146 ({Predecessor:} 10... Nh7 11. Nbd2 f5 12. exf5 Bxf5 13. b4 a6 14. Qe2 Qd7 15. h3 Rae8 16. Rfe1 Bf6 {0-1 Najer,E (2670)-Paravyan,D (2634) Moscow Nutcracker rapid 2018 (5.2)}) 11. d4 f5 $1 12. exf5 (12. dxe5 $2 f4 13. exd6 cxd6 14. Bxf4 (14. Bxg8 $2 Kxg8 15. Qd5+ Kh8 $19) 14... Rxf4 $19) 12... e4 13. Ne1 d5 14. Be2 Bxf5 15. Nc2 Bd6 16. Ne3 Nce7 17. c4 $1 Bxg3 18. hxg3 Be6 19. Nc3 c6 20. cxd5 cxd5 21. b4 Nf6 22. b5 Nf5 23. Nxf5 Bxf5 24. a5 Rc8 25. Qd2 Bg4 26. Rfc1 Bxe2 27. Nxe2 Qd7 28. b6 (28. Rxc8 $11 Rxc8 29. Rc1) 28... axb6 $15 29. axb6 Rc6 30. Qb4 Rfc8 31. Rxc6 Qxc6 32. Qb2 Qd6 33. Rb1 Rc6 34. Nc3 $2 {[%emt 0:00:00] [#]} (34. f3 $15) 34... e3 $1 $19 {[%emt 0:01:16][%mdl 512] aiming for ...exf2+.} 35. Nb5 (35. f3 Qxg3) 35... Qe6 (35... Rxb6 $2 36. Nxd6 exf2+ 37. Kxf2 Ng4+ 38. Kf3 Rxb2 39. Rxb2 $18) 36. Nc7 Qf5 37. f3 Nd7 $2 (37... Qg6 $19 {Threatens to win with ...Rc2.} 38. g4 Qd3) 38. Re1 {[%emt 0:00:30] [#]} (38. Rc1 $1 $15) 38... Rxb6 ({Don't play} 38... Nxb6 $6 39. Rxe3 Rxc7 40. Qxb6 (40. Re8+ Kh7 $17) 40... Rc1+ 41. Kf2 $11) ({Better is} 38... Qg5 $1 $17 39. Qb3 Nxb6 40. Rxe3 Rxc7 41. Re8+ Kh7 42. Qb1+ g6 43. Qxb6 Qxg3) 39. Qa3 $2 (39. Qe2 $1 $11) 39... Qc2 {[%emt 0:02:23] ( -> ...Qf2+). Black is clearly winning.} 40. Nxd5 Qf2+ 41. Kh2 {[%emt 0:00:02] [#]} Rg6 ({Worse is} 41... Qxe1 42. Nxb6 Nxb6 43. Qf8+ Kh7 44. Qf5+ Kh8 45. Qf8+ Kh7 46. Qf5+ Kh8 47. Qf8+ $11) 42. Nxe3 (42. Re2 $142 Qxe2 43. Nf4) 42... Qxg3+ 43. Kg1 Qxe1+ 44. Nf1 Qe8 45. Ne3 Re6 {[%emt 0:00:17] Weighted Error Value: White=0.47/Black=0.39} 0-1